 Dungeon Crawl Stone Soup version 0.29.1-12-g30fa7ad0bf (webtiles) character file.

Game seed: 6396055644805253449

59 CaptainMV the Trooper (level 3, 0/31 HPs)
             Began as a Demonspawn Wanderer on Dec 21, 2022.
             Slain by a gnoll
             ... wielding a +0 spear
              (3 damage)
             ... on level 2 of the Dungeon.
             The game lasted 00:12:30 (847 turns).

CaptainMV the Trooper (Demonspawn Wanderer)          Turns: 847, Time: 00:12:31

Health: 0/31       AC:  6    Str: 15    XL:     3   Next: 78%
Magic:  3/3        EV: 11    Int: 12    God:
Gold:   116        SH:  4    Dex: 12    Spells: 2/2 levels left

rFire   . . .      SeeInvis .   a - +0 hand axe (flame)
rCold   . . .      Faith    .   (no shield)
rNeg    . . .      Spirit   .   e - +0 leather armour
rPois   .          Reflect  .   (helmet restricted)
rElec   .          Harm     .   (no cloak)
rCorr   .          Rampage  .   (no gloves)
Will    .....                   o - +2 pair of boots
Stlth   +.........              (no amulet)
HPRegen 0.10/turn               (no ring)
MPRegen 0.08/turn               (no ring)

@: lethally poisoned (0 -> -2)
A: horns 1, large bone plates 1
a: no special abilities


You were on level 2 of the Dungeon.
You visited 1 branch of the dungeon, and saw 2 of its levels.

You collected 116 gold pieces.

Inventory:

Hand Weapons
 a - a +0 hand axe of flaming (weapon)
 b - a +0 sling
 i - a +0 club
 n - a +0 dagger
Missiles
 h - 6 poisoned darts (quivered)
Armour
 e - a +0 leather armour (worn)
 o - a +2 pair of boots (worn)
Jewellery
 q - a ring of magical power
Wands
 f - a wand of polymorph (18)
Scrolls
 d - 2 scrolls of butterflies
 j - a scroll of fear {unknown}
 l - a scroll of identify {unknown}
 m - a scroll of poison {unknown}
Potions
 c - a potion of curing
 g - a potion of magic {unknown}
 k - a potion of attraction
 p - 2 potions of haste {unknown}


   Skills:
 + Level 4.3 Fighting
 + Level 0.4 Short Blades
 + Level 0.5(0.7) Axes
 + Level 0.5(0.7) Maces & Flails
 + Level 1.5 Armour
 + Level 1.3 Dodging
 + Level 0.2 Stealth
 + Level 0.3 Shields
 + Level 1.0 Unarmed Combat
 + Level 4.1 Evocations


You had 2 spell levels left.
You didn't know any spells.
Your spell library contained the following spells:

 Spells                   Type           Power      Damage    Failure   Level
 Blink                    Tloc           0%         N/A       52%         2
 Manifold Assault         Tloc           0%         N/A       100%        5
 Storm Form               Tmut/Air       0%         N/A       100%        7


Dungeon Overview and Level Annotations

Branches:
Dungeon (2/15)

Altars:


Innate Abilities, Weirdness & Mutations

You have a pair of small horns on your head.
You are partially covered in large bone plates. (SH +4)


Message History

A gnoll comes into view. It is wielding a +0 spear.
Found 10 gold pieces.
The gnoll shouts!
You hear a shout!
You see here 13 gold pieces.
You now have 116 gold pieces (gained 13).
You closely miss the adder. The adder bites you but does no damage.
You hit the adder but do no damage. You hit the gnoll but do no damage.
The adder bites you but does no damage. The adder barely misses you.
You barely miss the adder. You hit the gnoll but do no damage.
The adder bites you but does no damage.
The gnoll hits you from afar with a +0 spear.
The gnoll hits you with a +0 club. The adder bites you but does no damage.
You hit the adder. You burn the adder.
The adder is moderately wounded.
You hit the gnoll. You burn the gnoll. You hit the gnoll but do no damage.
The gnoll hits you but does no damage. The gnoll hits you with a +0 flail.
You block the gnoll's attack. The adder misses you.
You barely miss the adder.
The adder is moderately wounded.
You hit the gnoll. You burn the gnoll. You hit the gnoll but do no damage.
The adder barely misses you. The gnoll misses you.
The gnoll closely misses you. The gnoll hits you but does no damage.
You block the gnoll's attack. The adder bites you but does no damage.
The gnoll hits you but does no damage. The gnoll barely misses you. x2
You block the gnoll's attack.
You barely miss the adder. Your headbutt misses the adder.
The adder is moderately wounded.
You barely miss the gnoll. x2; The adder bites you.
You are poisoned.
The adder poisons you! The gnoll hits you but does no damage.
The gnoll barely misses you. The gnoll hits you with a +0 flail!
* * * LOW HITPOINT WARNING * * *
You block the gnoll's attack.
You hit the adder. You burn the adder.
The adder is almost dead.
You closely miss the gnoll. You hit the gnoll. You burn the gnoll.
* * * LOW HITPOINT WARNING * * *
You feel sick. The adder barely misses you.
The gnoll hits you from afar with a +0 spear.
You die...

.........##..)......###.
$.........#..####....##..
..........#.## #.....#...
............####.###...#.
.................###.####
..)......................
#..............#...#####.
.........................
#.....gS@g[......##......
####..g##g......####.#...
#... .#.#.............
##.g ........#......##
gg.##.......#.##.###
.g.##.....#....#))# ....
....#....##.## .....
.....##.##.#
#.##.#.##.#..###


You could see 4 gnolls and an adder.

Vanquished Creatures
  Robin (D:2)
  An adder (D:2)
  A dart slug (D:2)
  A bat (D:1)
  2 endoplasms (D:1)
  8 goblins
  6 hobgoblins
  A quokka (D:1)
  4 ball pythons (D:1)
  4 frilled lizards
  5 kobolds
  5 rats (D:1)
39 creatures vanquished.

Vanquished Creatures (others)
  2 fungi (D:1)
  A plant (D:1)
3 creatures vanquished.

Grand Total: 42 creatures vanquished

Notes
Turn   | Place    | Note
-------+----------+-------------------------------------------
     0 | D:1      | CaptainMV the Demonspawn Wanderer began the quest for the
                  | Orb.
     0 | D:1      | CaptainMV set off with the following items: a +0 club, a
                  | potion of attraction, a potion of curing, a scroll of
                  | butterflies, a +0 leather armour, a wand of polymorph (18).
     0 | D:1      | Reached XP level 1. HP: 19/19 MP: 1/1
   309 | D:1      | Found a faded altar of an unknown god.
   373 | D:1      | Gained mutation: You are partially covered in large bone
                  | plates. (SH +4) [demonic ancestry]
   373 | D:1      | Reached XP level 2. HP: 17/25 MP: 2/2
   747 | D:2      | Gained mutation: You have a pair of small horns on your
                  | head. [demonic ancestry]
   747 | D:2      | Reached XP level 3. HP: 21/31 MP: 3/3
   761 | D:2      | Noticed Robin
   767 | D:2      | Reached skill level 1 in Dodging
   772 | D:2      | Killed Robin
   847 | D:2      | Slain by a gnoll

Illustrated notes

Levels and vault maps discovered:
D:1:      tarquinn_simple_flora_water_b, layout_loops_ring,
          shapermc_ecumenical_altar_gd
D:2:      layout_rooms, uniq_robin

Skill      XL: |  1  2  3 |
---------------+----------+-----
Dodging        | 1 |  1.3
Fighting       | |  4.3
Short Blades   | |  0.4
Axes           | |  0.5
Maces & Flails | |  0.5
Armour         | |  1.5
Stealth        | |  0.2
Shields        | |  0.3
Unarmed Combat | |  1.0
Evocations     | |  4.1

Action                   || total
-------------------------++-------
Melee: Dagger            ||    53
       Club              ||     5
       Hand axe          ||    63
       Punch             ||     1
       Headbutt          ||     6
 Fire: Sling             ||     1
 Stab: Sleeping          ||     1
Armor: Leather armour    ||    34
Dodge: Dodged            ||    69
Block: Other             ||    21
